 Dungeon Sprint DCSS version 0.22-a0-533-g4d20840 (webtiles) character file.

44 emperorscorpion the Gusty (level 3, 0/19 HPs)
             Began as a Deep Elf Air Elementalist on June 22, 2018.
             Slain by a phantom (9 damage)
             ... in the Dungeon (Sprint IX: "|||||||||||||||||||||||||||||").
             The game lasted 00:00:29 (71 turns).

emperorscorpion the Gusty (Deep Elf Air Elementalist) Turns: 71, Time: 00:00:30

Health: 0/19       AC:  2    Str:  5    XL:     3   Next: 39%
Magic:  3/11       EV: 14    Int: 19    God:
Gold:   0          SH:  0    Dex: 16    Spells: 11/12 levels left

rFire    . . .     SeeInvis .   a - +0 dagger
rCold    . . .     Gourm    .   (no shield)
rNeg     . . .     Faith    .   j - +0 robe
rPois    .         Spirit   .   (no helmet)
rElec    .         Reflect  .   (no cloak)
rCorr    .         Harm     .   (no gloves)
MR       .....     NoTele   +   (no boots)
Stlth    +++.......             (no amulet)
HPRegen  0.06/turn              (no ring)
MPRegen  0.12/turn              (no ring)

@: berserk cooldown, very slightly contaminated, slowed, very slow
A: no striking features
a: no special abilities


You were in the Dungeon.
You were not hungry.

You visited 1 branch

Inventory:

Hand Weapons
 a - a +0 dagger (weapon)
Armour
 j - a +0 robe (worn)
Scrolls
 i - a scroll of blinking
Potions
 d - a potion of curing
 e - a potion of heal wounds
 f - a potion of haste
 g - 2 potions of magic
Comestibles
 b - 4 chunks of flesh
 c - a ration


   Skills:
 + Level 3.7 Dodging
 + Level 4.0 Stealth
 + Level 5.1 Spellcasting
 + Level 1.4 Conjurations
 + Level 5.5 Air Magic


You had 11 spell levels left.
You knew the following spells:

 Your Spells              Type           Power        Failure   Level  Hunger
a - Shock                 Conj/Air       ###.         3%          1    None

Your spell library contained the following spells:

 Spells                   Type           Power        Failure   Level  Hunger
 Lightning Bolt           Conj/Air       ###.......   63%         5    ######.
 Swiftness                Chrm/Air       ###.....     6%          2    #......
 Airstrike                Air            ####......   12%         4    ####...
 Static Discharge         Conj/Air       ###.....     9%          3    ##.....


Dungeon Overview and Level Annotations

Branches:
Dungeon (1/1)

Altars:


Message History

You closely miss the phantom.
The phantom is lightly damaged.
The phantom blinks!
Okay, then.
Casting: Shock (safe; 3% risk of failure)
Confirm with . or Enter, or press ? or * to list all spells.
Aiming: Shock (safe; 3% risk of failure)
Press: ? - help, Shift-Dir - straight line, f/p - phantom
Aim: a phantom (lightly damaged)
The zap hits the phantom.
The phantom is moderately damaged.
Casting: Shock (safe; 3% risk of failure)
Confirm with . or Enter, or press ? or * to list all spells.
Aiming: Shock (safe; 3% risk of failure)
Press: ? - help, Shift-Dir - straight line, f/p - phantom
Aim: a phantom (moderately damaged)
You miscast Shock.
You are very lightly contaminated with residual magic.
Nothing appears to happen.
The phantom hits you!
You die... ▓▓▓▓▓▓▓▓▓▓▓▓▓▓▓▓▓▓ +.)).)'..W@)'...<▓ ▓▓▓▓▓▓▓▓▓▓▓▓▓▓▓▓▓▓

You could see a phantom.

Vanquished Creatures
  An orc wizard (D)
  An ooze (D)
  A dart slug (D)
  2 orcs (D)
  A bat (D)
  A giant cockroach (D)
  A goblin (D)
  A kobold (D)
9 creatures vanquished.

Notes
Turn   | Place    | Note
-------+----------+-------------------------------------------
     0 | D        | emperorscorpion the Deep Elf Air Elementalist began the quest for the Orb.
     0 | D        | Reached XP level 1. HP: 10/10 MP: 6/6
     6 | D        | Reached XP level 2. HP: 15/15 MP: 3/8
    52 | D        | Noticed a phantom
    63 | D        | Reached skill level 5 in Spellcasting
    63 | D        | Reached skill level 5 in Air Magic
    63 | D        | Reached XP level 3. HP: 11/19 MP: 4/11
    71 | D        | Slain by a phantom

Vault maps used:
D:        linesprint

Skill      XL: |  1  2 |
---------------+-------+-----
Stealth        | 3 4 |  4.0
Dodging        | 3 |  3.7
Air Magic      | 4 5 |  5.5
Spellcasting   | 5 |  5.1
Conjurations   | |  1.4

Action                   || total
-------------------------++-------
Melee: Dagger            ||     6
 Cast: Shock             ||     9
  Use: Potion            ||     1
Dodge: Dodged            ||     7

Table legend:
 A = Spawn XP
 B = Non-spawn XP
 C = Spawn XP percentage of total XP
 D = Spawn monster count
 E = Non-spawn monster count
 F = Spawn count percentage of total count
 G = Total turns spent on level
                    A         B        C        D         E        F      G
               +---------+---------+-------+---------+---------+-------+---------
         Total |       0 |      63 |   0.0 |       0 |       9 |   0.0 |    71
               +---------+---------+-------+---------+---------+-------+---------
             D |       0 |      63 |   0.0 |       0 |       9 |   0.0 |    71
               +---------+---------+-------+---------+---------+-------+---------
